 Dungeon Crawl Stone Soup version 0.29.1-15-g9cfb28693d (webtiles) character file.

Game seed: 7264836660942013311

137 hawla the Poker (level 5, 0/46 HPs)
             Began as a Minotaur Berserker on Mar 8, 2023.
             Was a Priest of Trog.
             Slain by a scorpion (6 damage)
             ... on level 4 of the Dungeon.
             The game lasted 00:05:14 (3118 turns).

hawla the Poker (Minotaur Berserker)                Turns: 3118, Time: 00:05:15

Health: 0/46       AC:  3    Str: 23    XL:     5   Next: 0%
Magic:  0/4        EV: 12    Int:  4    God:    Trog [***...]
Gold:   127        SH:  0    Dex: 10    Spells: 4/4 levels left

rFire   . . .      SeeInvis .   a - +1 spear
rCold   + . .      Faith    .   (no shield)
rNeg    . . .      Spirit   +   b - +0 animal skin
rPois   .          Reflect  .   (helmet restricted)
rElec   .          Harm     .   k - scarf {shadows}
rCorr   .          Rampage  .   f - +0 pair of gloves
Will    .....                   (no boots)
Stlth   +.........              s - amulet of guardian spirit
HPRegen 0.15/turn               e - ring of protection from cold
MPRegen 0.09/turn               (no ring)

@: lethally poisoned (0 -> -4), weak-willed
A: horns 2, retaliatory headbutt
a: Renounce Religion, Berserk, Trog's Hand


You were on level 4 of the Dungeon.
You worshipped Trog.
Trog was most pleased with you.
You visited 1 branch of the dungeon, and saw 4 of its levels.

You collected 127 gold pieces.

Inventory:

Hand Weapons
 a - a +1 spear (weapon)
Missiles
 i - 5 poisoned darts (quivered)
Armour
 b - a +0 animal skin (worn)
 f - a +0 pair of gloves (worn)
 k - a scarf of shadows (worn)
Jewellery
 e - a ring of protection from cold (left hand)
 s - an amulet of guardian spirit (around neck)
Wands
 c - a wand of paralysis (9)
 g - a wand of roots (9)
Scrolls
 q - a scroll of teleportation
Potions
 h - 2 potions of might
 j - 3 potions of heal wounds
 o - 2 potions of curing {unknown}
 p - 2 potions of haste {unknown}
 t - a potion of attraction
 v - 2 potions of mutation {unknown}
 w - 2 potions of invisibility {unknown}


   Skills:
 - Level 4.1 Fighting
 - Level 4.8 Polearms
 - Level 2.6 Armour
 - Level 2.5 Dodging
 - Level 0.2 Stealth
 + Level 2.7 Evocations


You had 4 spell levels left.
You didn't know any spells.
Your spell library was empty.

Dungeon Overview and Level Annotations

Branches:
Dungeon (4/15)
 Temple: D:4-7

Altars:
Kikubaaqudgha
Qazlal
Yredelemnul


Innate Abilities, Weirdness & Mutations

You have a pair of horns on your head.
You reflexively headbutt those who attack you in melee.


Message History

You hit the scorpion but do no damage. Your headbutt misses the scorpion.
The scorpion is severely wounded.
You feel very sick. The scorpion closely misses you.
You closely miss the scorpion.
The scorpion is severely wounded.
You feel sick. The scorpion barely misses you.
You hit the scorpion.
The scorpion is almost dead.
You feel sick. The scorpion stings you.
You are more poisoned.
The scorpion poisons you!
You barely miss the scorpion.
The scorpion is almost dead.
You feel very sick. The scorpion closely misses you.
You hit the scorpion but do no damage.
The scorpion is almost dead.
You feel sick. The scorpion misses you.
You closely miss the scorpion.
The scorpion is almost dead.
You feel very sick. The scorpion misses you.
You barely miss the scorpion.
You headbutt the scorpion, but do no damage.
The scorpion is almost dead.
You feel sick. The scorpion stings you.
You barely miss the scorpion.
You headbutt the scorpion, but do no damage.
The scorpion is almost dead.
You feel sick. The scorpion barely misses you.
Throw: 6 darts (poison)
Press: ? - help, Q - select action, (/) - cycle Shift-Dir - straight line, f/p - scorpion
Aim: a scorpion (almost dead, weak-willed, 57% to hit)
You throw a poisoned dart. The poisoned dart hits the scorpion.
The scorpion is almost dead.
You feel sick. The scorpion stings you.
* * * LOW HITPOINT WARNING * * *
The scorpion stings you!
You die...

*,**,*****,,,,,,,*,,
*,**,,,,**,,,,,,,*,, *****
♣♣##,,***#,#*,,,,,,,,,, *,,,***
*♣.#..,,,.#.#*,,,,,,,*,,
*,,,+,****.....,**.#.##,,,,,,,*,,
*,,,**,,*,,....###.....,,,,,,,*,,
********,*,,#......(.##,,,,,,,*,,
******#........#,,,,,,,*,,
#..@s....#*******,,,
***********#.........* *,,,
*,,,,,,*,..........#.*** *,,,
*,,,,,,*.....^.......,,** *,,,
*,,,,,,*.............,,,** *,,,
***,,,,,,*.............,,,,***,,,
,,,,,,,,,,...........##***,,**,,,
,,,,***,,,*********,,,,,,,,,,*,,,
,,,,* *,,,* *,,,,,,,,,,>,**


You could see a scorpion (weak-willed).

Vanquished Creatures
  An orc wizard (D:3)
  2 adders (D:2)
  3 dart slugs
  5 orcs
  7 ball pythons
  5 bats
  5 endoplasms
  5 giant cockroaches
  5 goblins
  5 hobgoblins
  4 jackals (D:1)
  5 quokkas
  3 frilled lizards
  8 kobolds
  15 rats
78 creatures vanquished.

Vanquished Creatures (others)
  2 fungi (D:1)
  15 plants
17 creatures vanquished.

Grand Total: 95 creatures vanquished

Notes
Turn   | Place    | Note
-------+----------+-------------------------------------------
     0 | D:1      | hawla the Minotaur Berserker began the quest for the Orb.
     0 | D:1      | Reached XP level 1. HP: 19/19 MP: 0/0
   176 | D:1      | Reached XP level 2. HP: 22/27 MP: 1/1
   862 | D:1      | Found a faded altar of an unknown god.
   915 | D:1      | Reached ** piety under Trog
  1266 | D:2      | Reached XP level 3. HP: 32/33 MP: 2/2
  1768 | D:2      | Reached skill level 1 in Evocations
  1861 | D:2      | Reached XP level 4. HP: 40/40 MP: 3/3
  2404 | D:3      | Found an ancient bone altar of Kikubaaqudgha.
  2405 | D:3      | Found a stormy altar of Qazlal.
  2412 | D:3      | Found a basalt altar of Yredelemnul.
  2421 | D:3      | Reached *** piety under Trog
  2802 | D:3      | Reached XP level 5. HP: 45/46 MP: 4/4
  3118 | D:4      | Slain by a scorpion

Illustrated notes

Levels and vault maps discovered:
D:1:      lightli_arrival_flooded_house, layout_loops_ring,
          shapermc_ecumenical_altar_mp_ritualfount, serial_forest,
          infiniplex_forest_clump_double, infiniplex_forest_end_1,
          infiniplex_forest_end_3, infiniplex_forest_clump_large,
          infiniplex_forest_clump_curved, infiniplex_forest_clump_small,
          hangedman_decor_diamond_cutter, minmay_split_cup_small
D:2:      minmay_general_purpose_star, layout_basic
D:3:      layout_loops_ring, chequers_temple_overflow_statue_of_worship,
          chequers_serial_rivers_marsh, kennysheep_decorative_pillar,
          dk_vineyard_3, minmay_misc_feat_diagonals, minivault_14,
          lexackson_kobold_supper
D:4:      layout_basic, led_sif_book, mainiacjoe_overflow_paths,
          corner_web_ring, uniq_eustachio, uniq_crazy_yiuf_cottage

Skill      XL: |  1  2  3  4 |
---------------+-------------+-----
Polearms       | 4 |  4.8
Fighting       | 4 |  4.1
Evocations     | 1 2 |  2.7
Armour         | |  2.6
Dodging        | |  2.5
Stealth        | |  0.2

Action                   |  1- 3 |  4- 6 || total
-------------------------+-------+-------++-------
Melee: Spear             |   119 |   108 ||   227
       Headbutt          |     7 |    12 ||    19
Throw: Dart              |       |     2 ||     2
  Use: Scroll            |     5 |     7 ||    12
 Stab: Sleeping          |     2 |     3 ||     5
Armor: Animal skin       |    13 |    18 ||    31
Dodge: Dodged            |    49 |    44 ||    93
